 Dungeon Crawl Stone Soup version 0.29.1-13-g9f3cf754e1 (webtiles) character file.

Game seed: 2485212793405860334

961 cdecastro the Conjurer (level 7, -3/36 HPs)
             Began as a Deep Elf Fire Elementalist on Jan 23, 2023.
             Slain by a gnoll
             ... wielding a +0 halberd
             ... led by a gnoll bouda
              (5 damage)
             ... on level 5 of the Dungeon on Jan 24, 2023.
             The game lasted 00:26:56 (6285 turns).

cdecastro the Conjurer (Deep Elf Fire Elementalist) Turns: 6285, Time: 00:26:56

Health: -3/36      AC:  6    Str: 10    XL:     7   Next: 92%
Magic:  6/16       EV:  6    Int: 20    God:
Gold:   284        SH:  0    Dex: 15    Spells: 6/16 levels left

rFire   . . .      SeeInvis .   r - +4 short sword
rCold   + . .      Faith    .   (no shield)
rNeg    . . .      Spirit   .   j - +1 robe {rC+}
rPois   .          Reflect  .   (no helmet)
rElec   .          Harm     .   g - scarf {+Inv}
rCorr   .          Rampage  .   s - +0 pair of gloves
Will    .....                   b - +1 pair of boots of Egalitarianism {Str+3 Slay+5}
Stlth   ++........              (no amulet)
HPRegen 0.12/turn               (no ring)
MPRegen 0.15/turn               (no ring)

@: held
A: no striking features
a: Evoke Invisibility


You were on level 5 of the Dungeon.
You visited 1 branch of the dungeon, and saw 5 of its levels.

You collected 284 gold pieces.

Inventory:

Hand Weapons
 d - a +0 dagger
 f - a +0 rapier of electrocution
 r - a +4 short sword (weapon)
 x - a +2 morningstar of flaming
Armour
 b - the +1 pair of boots of Egalitarianism (worn) {Str+3 Slay+5}
   (You found it on level 3 of the Dungeon)

   Str:       It affects your strength (+3).
   Slay:      It affects your accuracy & damage with ranged weapons and melee
   (+5).
 g - a scarf of invisibility (worn)
 j - a +1 robe of cold resistance (worn)
 s - a +0 pair of gloves (worn)
 y - a +2 helmet
Wands
 v - a wand of digging (6)
Scrolls
 a - 2 scrolls of teleportation {unknown}
 i - 3 scrolls of noise {unknown}
 l - 2 scrolls of poison {unknown}
 m - a scroll of brand weapon {unknown}
 n - a scroll of fear {unknown}
 o - 3 scrolls of identify {unknown}
 p - a scroll of fog {unknown}
 w - a scroll of vulnerability {unknown}
Potions
 c - 3 potions of brilliance {unknown}
 e - a potion of degeneration {unknown}
 h - 3 potions of might {unknown}
 k - 2 potions of heal wounds {unknown}
 q - 5 potions of curing {unknown}
 t - a potion of flight {unknown}
 u - 2 potions of invisibility {unknown}
 z - a potion of haste {unknown}


   Skills:
 - Level 2.4 Dodging
 - Level 2.4 Stealth
 + Level 5.2 Spellcasting
 - Level 7.0 Conjurations
 - Level 7.0 Fire Magic


You had 6 spell levels left.
You knew the following spells:

 Your Spells              Type           Power      Damage    Failure   Level
a - Foxfire               Conj/Fire      100%       2x1d9     1%          1
b - Scorch                Fire           66%        2d8       1%          2
c - Conjure Flame         Conj/Fire      33%        6-21      1%          3
d - Sticky Flame          Conj/Fire      33%        2d5       6%          4

Your spell library contained the following spells:

 Spells                   Type           Power      Damage    Failure   Level
 Static Discharge         Conj/Air       19%        3-6/arc   4%          2
 Flame Wave               Conj/Fire      33%        2d10      6%          4
 Inner Flame              Hex/Fire       19%        N/A       9%          3
 Cause Fear               Hex            2%         N/A       75%         4
 Dispel Undead            Necr           5%         3d7       75%         4
 Discord                  Hex            2%         N/A       100%        8
 Chain Lightning          Conj/Air       9%         3d12      100%        9
 Fire Storm               Conj/Fire      16%        8d4       100%        9
 Shatter                  Erth           2%         3d6*      100%        9


Dungeon Overview and Level Annotations

Branches:
Dungeon (5/15)
 Temple: D:4-7

Altars:
Fedhas
Qazlal
Trog

Shops:
D:1 =!(*?

Annotations:
D:3 exclusion: ogre


Message History

The gnoll bouda barks out a call to the hunt!
The gnolls pick up the pace!
Unknown command.
Casting: Scorch (safe; 1% risk of failure)
Confirm with . or Enter, or press ? or * to list all spells.
Flames lash the ice beast.
The ice beast is almost dead.
The gnoll hits you from afar with a +0 halberd!
* * * LOW HITPOINT WARNING * * *
Unknown command.
Casting: Scorch (safe; 1% risk of failure)
Confirm with . or Enter, or press ? or * to list all spells.
Flames lash the gnoll bouda.
The gnoll bouda is severely wounded.
The gnoll bouda's fire resistance burns away.
The gnoll hits you from afar with a +0 halberd.
* * * LOW HITPOINT WARNING * * *
Casting: Scorch (safe; 1% risk of failure)
Confirm with . or Enter, or press ? or * to list all spells.
Flames lash the ice beast.
The ice beast melts!
You kill the ice beast!
The gnoll is no longer more vulnerable to fire.
The gnoll hits you from afar with a +0 halberd!
* * * LOW HITPOINT WARNING * * *
Your Spellcasting skill increases to level 5!
Casting: Scorch (safe; 1% risk of failure)
Confirm with . or Enter, or press ? or * to list all spells.
Flames lash the adder.
The adder is moderately wounded.
The adder's fire resistance burns away.
The gnoll barely misses you.
Unknown command.
Casting: Scorch (safe; 1% risk of failure)
Confirm with . or Enter, or press ? or * to list all spells.
Flames lash the gnoll bouda.
The gnoll bouda is burned terribly!
The gnoll bouda is almost dead.
The gnoll barely misses you.
Unknown command.
You tear a large gash into the net.
The gnoll hits you from afar with a +0 halberd.
You die...

.###.....##...##
.....#######...# .. ...###
##...... .. ...# ####### ..
...# .. ...### #### g.
..)..######..### ##g.
..............g######?.#
##.g.
##...........gSĀ§@.....#
##..# ##...####....g########
##..## #............## ##..##
##............## #######..##
#...######.....#####.......##
#..## ##....Y..g..S.....##
...# ##........g.###..)..###
# ..##
##...##......##........##.
.##
#..#####...........##.....


You could see a gnoll bouda (combustible), 2 gnolls and an adder (combustible).

Vanquished Creatures
  An ice beast (D:5)
  A centaur (D:5)
  2 phantoms
  An ogre (D:5)
  A scorpion (D:5)
  A hound (D:4)
  Terence (D:2)
  Jessica (D:2)
  4 iguanas
  Natasha (thrice) (D:3)
  10 gnolls
  4 adders
  2 ufetubi
  A worm (D:4)
  A dart slug (D:5)
  13 orcs
  2 endoplasms (D:2)
  3 giant cockroaches
  7 goblins
  8 hobgoblins
  9 jackals
  6 kobolds
  3 quokkas
  5 ball pythons
  4 bats
  2 frilled lizards (D:4)
  8 rats
104 creatures vanquished.

Vanquished Creatures (others)
  107 foxfires
  4 plants (D:3)
111 creatures vanquished.

Grand Total: 215 creatures vanquished

Notes
Turn   | Place    | Note
-------+----------+-------------------------------------------
     0 | D:1      | cdecastro the Deep Elf Fire Elementalist began the quest
                  | for the Orb.
     0 | D:1      | Reached XP level 1. HP: 10/10 MP: 6/6
   153 | D:1      | Found Seing's General Store.
   197 | D:1      | Found Risuf Nits's Magic Scroll Boutique.
   319 | D:1      | Reached XP level 2. HP: 15/15 MP: 6/8
   505 | D:1      | Found Neuf's Jewellery Shoppe.
   667 | D:1      | Found Jobyeluc's Distillery.
   667 | D:1      | You fall into a shaft and drop 1 floor!
   709 | D:1      | Found Zeoq's Antique Weapon Emporium.
  1121 | D:2      | Found a faded altar of an unknown god.
  1141 | D:2      | Noticed Jessica
  1148 | D:2      | Killed Jessica
  1149 | D:2      | Reached skill level 5 in Fire Magic
  1149 | D:2      | Reached XP level 3. HP: 19/19 MP: 5/9
  1152 | D:2      | Learned a level 2 spell: Scorch
  1156 | D:2      | Learned a level 3 spell: Conjure Flame
  1940 | D:2      | Noticed Terence
  1952 | D:2      | Killed Terence
  1953 | D:2      | Reached XP level 4. HP: 13/24 MP: 4/10
  2316 | D:3      | Noticed Natasha
  2329 | D:3      | Killed Natasha
  2478 | D:3      | Identified the +1 pair of boots of Egalitarianism {Str+3
                  | Slay+5}
  2505 | D:3      | Reached XP level 5. HP: 28/28 MP: 8/11
  2615 | D:3      | Found a blossoming altar of Fedhas.
  2635 | D:3      | Found a stormy altar of Qazlal.
  2635 | D:3      | Noticed Natasha
  2641 | D:3      | Killed Natasha
  2747 | D:3      | Noticed Natasha
  2753 | D:3      | Killed Natasha
  2976 | D:3      | Noticed an ogre
  3675 | D:4      | Noticed a phantom
  3713 | D:3      | Learned a level 4 spell: Sticky Flame
  3729 | D:4      | Reached skill level 5 in Conjurations
  3947 | D:4      | Reached XP level 6. HP: 32/32 MP: 7/12
  4066 | D:4      | Found a bloodstained altar of Trog.
  4730 | D:5      | Entered Level 5 of the Dungeon
  5176 | D:5      | Reached XP level 7. HP: 36/36 MP: 0/13
  6283 | D:5      | Reached skill level 5 in Spellcasting
  6285 | D:5      | Slain by a gnoll

Illustrated notes

Levels and vault maps discovered:
D:1:      dpeg_arrival_tiny_g, layout_loops_corners, serial_shops, shop, shop,
          nicolae_shop_crystal, shop, nicolae_shop_behind_doors
D:2:      layout_loops_ring, hellmonk_ecumenical_altar_lost_god,
          chequers_serial_rivers_large_a, minivault_26, uniq_terence,
          uniq_jessica
D:3:      corexii_shack_village, layout_loops_ring,
          nicolae_qazlal_scattered_showers, mainiacjoe_overflow_paths,
          minmay_fountain_box, minmay_misc_feat_iff, chequers_big_river,
          uniq_natasha
D:4:      layout_cave_pools, trog_butcher_becter, abandoned_shop
D:5:      layout_layer_cave, minmay_fractal_squares_diagonal_5

Skill      XL: |  1  2  3  4  5  6  7 |
---------------+----------------------+-----
Fire Magic     | 4 5 7 |  7.0
Conjurations   | 2 3 5 7 |  7.0
Spellcasting   | 5 |  5.2
Dodging        | |  2.4
Stealth        | |  2.4

Action                   |  1- 3 |  4- 6 |  7- 9 || total
-------------------------+-------+-------+-------++-------
Melee: Short sword       |       |     4 |       ||     4
 Cast: Foxfire           |    37 |    15 |    10 ||    62
       Scorch            |    10 |    70 |    40 ||   120
       Conjure Flame     |       |     1 |     5 ||     6
  Use: Potion            |     1 |       |     1 ||     2
Armor: Robe              |     2 |     7 |     1 ||    10
Dodge: Dodged            |     8 |    19 |     7 ||    34
